 Dungeon Crawl Stone Soup version 0.19-a0-526-gbe2e51c (webtiles) character file.

86 AlphabetPasta the Chucker (level 4, -7/34 HPs)
             Began as a Merfolk Hunter on June 7, 2016.
             Mangled by a gnoll
             ... wielding a +0 flail
              (15 damage)
             ... on level 2 of the Dungeon.
             The game lasted 00:05:31 (1359 turns).

AlphabetPasta the Chucker (Merfolk Hunter)          Turns: 1359, Time: 00:05:32

Health: -7/34      AC:  3    Str: 13    XL:     4   Next: 50%
Magic:  4/4        EV: 13    Int: 10    God:
Gold:   113        SH:  0    Dex: 14    Spells: 0 memorised, 3 levels left

rFire  . . .     SeeInvis .     a - +0 short sword
rCold  . . .     Gourm    .     b - +0 leather armour
rNeg   . . .     Faith    .     (no shield)
rPois  .         Spirit   .     (no helmet)
rElec  .         Dismiss  .     (no cloak)
rCorr  .         Reflect  .     (no gloves)
SustAt .         Harm     .     (no boots)
MR     .....                    (no amulet)
Stlth  +.........               (no ring)
                                h - ring of wizardry

@: lethally poisoned (-7 -> -9), not resistant to hostile enchantments, very
unstealthy
A: change form in water, swift swim
a: no special abilities


You were on level 2 of the Dungeon.
You were hungry.

You visited 1 branch of the dungeon, and saw 2 of its levels.

You collected 113 gold pieces.

Inventory:

Hand Weapons
 a - a +0 short sword (weapon)
Armour
 b - a +0 leather armour (worn)
Jewellery
 h - a ring of wizardry (left hand)
Scrolls
 i - a scroll of random uselessness {unknown}
 j - 2 scrolls of noise {unknown}
 k - a scroll of immolation {unknown}
 m - a scroll of fear {unknown}
 n - a scroll of fog {unknown}
 p - a scroll of identify {unknown}
Potions
 e - a potion of might {unknown}
 g - 2 potions of curing {unknown}
 o - a potion of berserk rage {unknown}
Comestibles
 f - a bread ration
 l - 2 chunks of flesh


   Skills:
 + Level 2.9 Fighting
 * Level 4.8 Throwing
 + Level 0.7 Armour
 + Level 3.7 Dodging
 - Level 1.1 Stealth


You had 3 spell levels left.
You didn't know any spells.

Dungeon Overview and Level Annotations

Branches:
Dungeon (2/15)

Altars:
Dithmenos


Message History

The adder is heavily wounded.
The adder closely misses you.
The gnoll struggles against the net.
The net rips apart, and the gnoll comes free!
The adder bites you.
You hit the adder.
The adder is almost dead.
You feel sick. The adder bites you.
You hit the adder.
You kill the adder!
You hit the gnoll.
The gnoll is lightly wounded.
You feel sick. The gnoll hits you with a flail.
You hit the gnoll.
The gnoll is moderately wounded.
The gnoll hits you with a flail.
* * * LOW HITPOINT WARNING * * *
You hit the gnoll.
The gnoll is severely wounded.
You feel sick. The gnoll hits you with a flail!
You die...

#.#.....ยง...#
#.#........##
#...........# #
#.......#.# .#
#....<..#.####..#
#................
#(......#......#
#g#............#.
##@###S..#........
#.........#....((#.
#.......#.#..g.(...
#.......#>#...!...(
#...............##(
#.........#.....#
######...........
..####...#### ###
..#


You could see a gnoll.

Vanquished Creatures
  3 gnolls (D:2)
  An adder (D:2)
  An ooze (D:1)
  A worm (D:1)
  A dart slug (D:1)
  2 giant cockroaches (D:1)
  6 goblins
  4 hobgoblins (D:1)
  4 jackals (D:1)
  6 kobolds (D:1)
  A giant newt (D:1)
  9 rats (D:1)
39 creatures vanquished.

Notes
Turn   | Place    | Note
--------------------------------------------------------------
     0 | D:1      | AlphabetPasta the Merfolk Hunter began the quest for the Orb.
     0 | D:1      | Reached XP level 1. HP: 16/16 MP: 1/1
   245 | D:1      | Reached XP level 2. HP: 23/23 MP: 2/2
   745 | D:1      | Reached XP level 3. HP: 26/28 MP: 3/3
  1319 | D:2      | Found a shadowy altar of Dithmenos.
  1328 | D:2      | Reached XP level 4. HP: 34/34 MP: 4/4
  1359 | D:2      | Mangled by a gnoll

Vault maps used:
D:1:      co_arrival_two_rings, kennysheep_boxes
D:2:      nicolae_overflow_crystal_walls, xom_butterflies,
          grunt_dithmenos_smoke, kennysheep_flooded_box, st_stairs_10

Skill      XL: |  1 |
---------------+----+-----
Dodging        | 3 |  3.7
Fighting       | |  2.9
Throwing       | |  4.8
Armour         | |  0.7
Stealth        | |  1.1

Action                   |  1- 3 |  4- 6 || total
-------------------------+-------+-------++-------
Melee: Short sword       |   145 |    16 ||   161
Throw: Javelin           |    13 |     1 ||    14
       Throwing net      |       |     2 ||     2
 Stab: Sleeping          |     3 |       ||     3
  Eat: Chunk             |     1 |       ||     1
Armor: Leather armour    |    31 |     1 ||    32
Dodge: Dodged            |    78 |    11 ||    89
